 Dungeon Crawl Stone Soup version 0.28.0-56-g4927b6849a (webtiles) character file.

Game seed: 5917982587402977880

108 Atelerd the Digger (level 4, 0/27 HPs)
             Began as an Octopode Earth Elementalist on Jan 26, 2023.
             Slain by an orc
             ... wielding a +0 short sword
              (3 damage)
             ... on level 2 of the Dungeon.
             The game lasted 00:01:48 (2526 turns).

Atelerd the Digger (Octopode Earth Elementalist)    Turns: 2526, Time: 00:01:49

Health: 0/27       AC:  1    Str:  7    XL:     4   Next: 87%
Magic:  8/8        EV: 13    Int: 19    God:
Gold:   59         SH:  0    Dex: 12    Spells: 8/9 levels left

rFire   . . .      SeeInvis .   h - +0 hand axe (freeze)
rCold   . . .      Faith    .   (no shield)
rNeg    . . .      Spirit   .   (helmet restricted)
rPois   .          Reflect  .   (no amulet)
rElec   .          Harm     .   (no ring)
rCorr   .          Rampage  .   (no ring)
Will    .....                   (no ring)
Stlth   +++.......              (no ring)
HPRegen 0.09/turn               (no ring)
MPRegen 0.11/turn               (no ring)
                                (no ring)
                                (no ring)

@: no status effects
A: almost no armour, amphibious, 8 rings, camouflage 1, gelatinous body 1,
(nimble swimmer 1), tentacles
a: no special abilities


You were on level 2 of the Dungeon.
You visited 1 branch of the dungeon, and saw 3 of its levels.

You collected 59 gold pieces.

Inventory:

Hand Weapons
 h - a +0 hand axe of freezing (weapon)
 i - a +0 dagger
Missiles
 b - 92 stones
Jewellery
 f - a ring of poison resistance
Scrolls
 e - a scroll of acquirement {unknown}
 g - 2 scrolls of identify {unknown}
Potions
 a - 2 potions of heal wounds {unknown}
 c - 2 potions of curing {unknown}
 d - 2 potions of might {unknown}
 j - a potion of lignification {unknown}


   Skills:
 + Level 0.3 Fighting
 + Level 0.4 Axes
 - Level 2.0 Dodging
 + Level 3.3 Stealth
 + Level 0.5 Unarmed Combat
 + Level 3.1 Spellcasting
 + Level 1.0 Transmutations
 + Level 4.1 Earth Magic


You had 8 spell levels left.
You knew the following spells:

 Your Spells              Type           Power      Damage    Failure   Level
a - Sandblast             Erth           36%        2d10      2%          1

Your spell library contained the following spells:

 Spells                   Type           Power      Damage    Failure   Level
 Passwall                 Tmut/Erth      10%        N/A       8%          2
 Stone Arrow              Conj/Erth      20%        3d8       19%         3
 Petrify                  Tmut/Erth      12%        N/A       45%         4


Dungeon Overview and Level Annotations

Branches:
Dungeon (3/15)

Altars:

Annotations:
D:3 Terence


Innate Abilities, Weirdness & Mutations

You cannot wear most types of armour.
You are amphibious.
You can wear up to eight rings at the same time.
Your skin changes colour to match your surroundings (Stealth+).
Your rubbery body absorbs attacks. (AC +1, EV +1)
((You are camouflaged when in or above water. (Stealth+)))
You have tentacles for arms and can constrict up to eight enemies at once.


Message History

You closely miss the shadow imp. Natasha completely misses you.
The shadow imp closely misses you. Natasha claws you.
The blast of sand hits Natasha!
You kill Natasha!
You feel Natasha's spirit has finally been put to rest.
The shadow imp disappears in a puff of smoke!
j - a murky blue potion Your magical contamination has completely faded away.
HP restored.
Done exploring.
Done exploring.
(D) Dungeon
Where to? (Enter - D:2 @ (x,y), ? - help)
What level of the Dungeon? (default 1, ? - help)
There is a stone staircase leading down here.
You climb downwards.
Level annotation: Terence
There is a stone staircase leading up here.
There are monsters nearby!
There are monsters nearby!
The orc shouts! x3; The orc wizard shouts!
The orc shouts!
The orc hits you with a +0 dagger.
You hit the orc. You freeze the orc. Your grab misses the orc.
Your squeeze misses the orc.
The orc is moderately wounded.
The orc wizard points at you and mumbles some strange words.
You resist with some effort. The orc hits you with a +0 dagger.
There is a stone staircase leading up here.
The orc closely misses you. The orc hits you with a +0 dagger.
You climb upwards.
There is a stone staircase leading down here.
You closely miss the orc. Your grab misses the orc.
The orc is moderately wounded.
You hit the orc. You freeze the orc. The orc misses you.
The orc hits you with a +0 dagger. The orc hits you with a +0 short sword.
* * * LOW HITPOINT WARNING * * *
The orc hits you with a +0 dagger.
* * * LOW HITPOINT WARNING * * *
The orc hits you with a +0 short sword.
You die...

#.......# #......######.....
#.......####..[...#..........
#.................#..........
########.......######......###.
#..................##....).# #.
#.........###.####.##......# #.
#.........##...# #.##......# #.
#.........##...# #.##......# #.
#.........##..@###.##......###.
#.........##..>o..<..........'.
#############...o.............##.
#......##...#....#............##.
#......##+#.#....#......#####..#.
#...........#....#......### ##.##
#####.......#..#..........# #..#
#...'.......#.<...........# ##.#
#.###.........#.#.........# #..


You could see 2 orcs.

Vanquished Creatures
  Natasha (thrice) (D:2)
  An adder (D:2)
  A worm (D:2)
  A dart slug (D:2)
  5 bats
  An endoplasm (D:1)
  3 ball pythons (D:1)
  2 frilled lizards (D:1)
  5 goblins
  2 kobolds (D:2)
  3 rats
27 creatures vanquished.

Notes
Turn   | Place    | Note
-------+----------+-------------------------------------------
     0 | D:1      | Atelerd the Octopode Earth Elementalist began the quest for
                  | the Orb.
     0 | D:1      | Reached XP level 1. HP: 11/11 MP: 3/3
   468 | D:1      | Reached XP level 2. HP: 10/17 MP: 5/5
  1290 | D:2      | Noticed Natasha
  1475 | D:2      | You fall into a shaft and drop 1 floor!
  1475 | D:3      | Noticed Terence
  1652 | D:2      | Reached XP level 3. HP: 7/21 MP: 3/6
  2033 | D:2      | Killed Natasha
  2034 | D:2      | Reached XP level 4. HP: 10/27 MP: 2/8
  2305 | D:2      | Noticed Natasha
  2312 | D:2      | Killed Natasha
  2313 | D:2      | Reached skill level 4 in Earth Magic
  2405 | D:2      | Noticed Natasha
  2414 | D:2      | Killed Natasha
  2526 | D:2      | Slain by an orc

Illustrated notes

Levels and vault maps discovered:
D:1:      mrwooster_arrival_arrow, layout_basic, supply_closet_lemuel,
          minmay_misc_feat_diagonals
D:2:      layout_basic, kennysheep_generic_room_10, uniq_natasha
D:3:      layout_loops_corners, ebering_ecumenical_altar_ruins, uniq_robin,
          uniq_ijyb, uniq_terence, uniq_crazy_yiuf_cottage

Skill      XL: |  1  2  3  4 |
---------------+-------------+-----
Stealth        | 3 |  3.3
Spellcasting   | 3 |  3.1
Earth Magic    | 4 |  4.1
Fighting       | |  0.3
Axes           | |  0.4
Dodging        | |  2.0
Unarmed Combat | |  0.5
Transmutations | |  1.0

Action                   |  1- 3 |  4- 6 || total
-------------------------+-------+-------++-------
Melee: Unarmed           |     9 |       ||     9
       Tentacles         |     3 |     1 ||     4
       Constrict         |     6 |       ||     6
       Hand axe          |    14 |     5 ||    19
 Cast: Sandblast         |    28 |     9 ||    37
 Stab: Sleeping          |     1 |     1 ||     2
Armor: Skin              |     5 |       ||     5
Dodge: Dodged            |    30 |     9 ||    39
